 Dungeon Crawl Stone Soup version 0.26.1-11-gd32895ea62 (webtiles) character file.

Game seed: 10089737394760566943

1778 Almogavar the Destroyer (level 8, -2/62 HPs)
             Began as a Grey Draconian Conjurer on May 7, 2021.
             Was a Follower of Nemelex Xobeh.
             Splashed by Pikel's acid (10 damage)
             ... on level 6 of the Dungeon.
             The game lasted 00:26:14 (7515 turns).

Almogavar the Destroyer (Grey Draconian Conjurer)   Turns: 7515, Time: 00:26:15

Health: -2/62      AC: 15    Str: 10    XL:     8   Next: 81%
Magic:  1/16       EV: 13    Int: 20    God:    Nemelex Xobeh [*.....]
Gold:   461        SH:  0    Dex: 10    Spells: 15/18 levels left

rFire    . . .     SeeInvis .   g - +1 dagger (protect)
rCold    . . .     Faith    .   (no shield)
rNeg     . . .     Spirit   .   (armour unavailable)
rPois    +         Reflect  .   (helmet restricted)
rElec    .         Harm     .   y - +0 cloak
rCorr    .         Rampage  .   (no gloves)
Will     .....                  (no boots)
Stlth    ++........             (no amulet)
HPRegen  0.20/turn              t - ring of poison resistance
MPRegen  0.15/turn              (no ring)

@: corroded, protection aura
A: walk through water, unfitting armour, unbreathing, cold-blooded, AC +11
a: Renounce Religion, Draw Escape, Draw Destruction, Draw Summoning


You were on level 6 of the Dungeon.
You worshipped Nemelex Xobeh.
Nemelex Xobeh was aware of your devotion.
You visited 2 branches of the dungeon, and saw 7 of its levels.

You collected 461 gold pieces.

Inventory:

Hand Weapons
 g - a +1 dagger of protection (weapon)
 m - a +0 vorpal spear
 p - a +1 whip of flaming
 u - a +2 short sword of speed
Missiles
 j - 127 stones
Armour
 q - a +0 tower shield
 y - a +0 cloak (worn)
Jewellery
 t - a ring of poison resistance (left hand)
Scrolls
 a - 2 scrolls of amnesia
 b - a scroll of magic mapping
 c - 6 scrolls of blinking
 l - 2 scrolls of fear
 r - a scroll of remove curse
 s - 2 scrolls of enchant weapon
 w - 2 scrolls of teleportation {unknown}
 x - 2 scrolls of fog {unknown}
Potions
 d - 3 potions of cancellation
 h - a potion of ambrosia {unknown}
 i - 4 potions of flight {unknown}
 k - 3 potions of mutation {unknown}
 n - 2 potions of brilliance {unknown}
 o - 3 potions of curing {unknown}
 v - a potion of haste
Miscellaneous
 z - a lightning rod (inert)
 A - a tin of tremorstones (2/2)


   Skills:
 + Level 2.8 Fighting
 + Level 3.4 Dodging
 + Level 4.3 Stealth
 + Level 5.9 Spellcasting
 + Level 8.4 Conjurations
 + Level 0.5 Evocations


You had 15 spell levels left.
You knew the following spells:

 Your Spells              Type           Power        Failure   Level
a - Magic Dart            Conj           100%         1%          1
b - Searing Ray           Conj           78%          1%          2

Your spell library contained the following spells:

 Spells                   Type           Power        Failure   Level
 Foxfire                  Conj/Fire      88%          1%          1
 Conjure Flame            Conj/Fire      22%          5%          3
 Dazzling Flash           Conj/Hex       44%          5%          3
 Animate Skeleton         Necr           10%          11%         1
 Fulminant Prism          Conj/Hex       11%          19%         4
 Iskenderun's Mystic Bla  Conj/Tloc      22%          19%         4
 Sticky Flame             Conj/Fire      22%          19%         4
 Inner Flame              Hex/Fire       5%           32%         3
 Fireball                 Conj/Fire      11%          45%         5


Dungeon Overview and Level Annotations

Branches:
Dungeon (6/15)             Temple (1/1) D:4

Altars:
Ashenzari
Cheibriados
Dithmenos
Fedhas
Hepliaklqana
Kikubaaqudgha
Makhleb
Nemelex Xobeh
Okawaru
Qazlal
Sif Muna
Trog
Uskayaw
Vehumet
Wu Jian
Xom
Zin
The Shining One

Shops:
D:4 [

Annotations:
D:5 2 runed translucent doors
D:6 Pikel


Innate Abilities, Weirdness & Mutations

You can walk through water.
Your dull iron-grey scales are very hard. (AC +11)
You cannot fit into any form of body armour.
You can survive without breathing.
You are cold-blooded and may be slowed by cold attacks.


Message History

Aiming: Magic Dart (safe; 1% risk of failure)
Press: ? - help, Shift-Dir - straight line, f/p - Pikel
Aim: Pikel, wielding a +1 whip of freezing, wearing a +1 robe of willpower and carrying a wand of acid (8) (almost dead, 0% to evade)
The magic dart hits Pikel but does no damage.
Pikel is almost dead.
Pikel hits you with a +1 whip of freezing.
* * * LOW HITPOINT WARNING * * *
Pikel freezes you.
* * * LOW HITPOINT WARNING * * *
You hit Pikel but do no damage.
Pikel is almost dead.
Pikel hits you with a +1 whip of freezing.
* * * LOW HITPOINT WARNING * * *
Pikel freezes you.
* * * LOW HITPOINT WARNING * * *
You feel much better.
Pikel zaps a wand.
The bolt of acid hits you!
* * * LOW HITPOINT WARNING * * *
The acid corrodes you!
You are splashed with acid!
You die...
Your body disappears without a glow.

#########†#
#.[....##.#
#####...#.#
#.......#.#####
#.##....#.....#
##.......#####.#
...............#
##...##.#.###..######
#.###......#...@K..#
#.# #..#.#...#####.#
##.# #..#.....# .#
##.###..#####.# .#
##)........##.# $#
...#######†##.# .#
#### #.##.# .# #
#....# .# # ######


You could see Pikel.

Vanquished Creatures
  An unseen horror (D:6)
  A sky beast (D:5)
  2 ice beasts (D:5)
  An eye of draining (D:6)
  A centaur (D:6)
  2 bullfrogs
  A howler monkey (D:4)
  A bullfrog zombie (D:6)
  3 hounds
  3 jellies
  2 centaur skeletons
  3 orc wizards
  An iguana (D:5)
  3 hound zombies (D:5)
  2 hound skeletons
  A worker ant zombie (D:5)
  4 adders
  3 gnolls (D:3)
  A shadow imp (D:5)
  4 ufetubi
  An ooze (D:3)
  2 worms
  A dart slug (D:3)
  6 leopard geckos
  11 orcs
  6 giant cockroaches
  7 goblins
  6 hobgoblins
  12 jackals
  4 kobolds (D:3)
  A quokka (D:3)
  6 bats
  2 frilled lizards
  A leopard gecko skeleton (D:5)
  A leopard gecko zombie (D:6)
  A quokka skeleton (D:4)
  5 rats
113 creatures vanquished.

Notes
Turn   | Place    | Note
-------+----------+-------------------------------------------
     0 | D:1      | Almogavar the Draconian Conjurer began the quest for the
                  | Orb.
     0 | D:1      | Reached XP level 1. HP: 14/14 MP: 3/3
   471 | D:1      | Reached XP level 2. HP: 20/20 MP: 3/5
   474 | D:1      | Learned a level 2 spell: Searing Ray
  1436 | D:2      | Reached XP level 3. HP: 27/27 MP: 1/6
  2271 | D:3      | Reached skill level 5 in Conjurations
  2467 | D:3      | Reached XP level 4. HP: 34/34 MP: 1/7
  2948 | D:3      | Reached XP level 5. HP: 30/39 MP: 1/8
  3755 | D:3      | Found a broken altar of Ashenzari.
  3758 | D:3      | Found a hide-covered altar of Uskayaw.
  3761 | D:3      | Found a glowing golden altar of the Shining One.
  3796 | D:3      | Found a shimmering altar of Xom.
  3890 | D:4      | Found an iron altar of Okawaru.
  4121 | D:4      | Reached skill level 1 in Fighting
  4228 | D:4      | Found a staircase to the Ecumenical Temple.
  4236 | Temple   | Entered the Ecumenical Temple
  4501 | Temple   | Became a worshipper of Nemelex Xobeh the Trickster
  4605 | D:4      | Reached skill level 6 in Conjurations
  4790 | D:4      | Found Hegruxom's Armour Emporium.
  4798 | D:4      | Reached XP level 6. HP: 37/47 MP: 2/10
  5087 | D:5      | Entered Level 5 of the Dungeon
  5264 | D:5      | Noticed a sky beast
  5267 | D:5      | Killed a sky beast
  5610 | D:5      | Found a large runed translucent door.
  5612 | D:5      | Found a large runed translucent door.
  5618 | D:5      | Found a large runed translucent door.
  5618 | D:5      | Found a large runed translucent door.
  5668 | D:5      | Your scales start taking on a dull iron-grey colour.
  5668 | D:5      | Reached XP level 7. HP: 52/52 MP: 8/12
  5668 | D:5      | Gained mutation: You can survive without breathing. [Grey
                  | Draconian growth]
  5787 | D:5      | Found an ancient bone altar of Kikubaaqudgha.
  5787 | D:5      | Found a shimmering blue altar of Sif Muna.
  5835 | D:5      | Found a radiant altar of Vehumet.
  5837 | D:5      | Identified Kikubaaqudgha's Grimoire of Necromancy
  5929 | D:5      | Reached skill level 7 in Conjurations
  6684 | D:6      | Reached * piety under Nemelex Xobeh
  6852 | D:6      | Reached skill level 5 in Spellcasting
  6852 | D:6      | Reached XP level 8. HP: 50/61 MP: 10/15
  7393 | D:6      | Found an ornate altar of the Wu Jian Council.
  7495 | D:6      | Killed an unseen horror
  7496 | D:6      | Reached skill level 8 in Conjurations
  7501 | D:6      | Noticed Pikel
  7515 | D:6      | Splashed by Pikel's acid

Illustrated notes

Levels and vault maps discovered:
D:1:      zaba_arrival_water, layout_basic, serial_corexii_hall,
          chequers_hall_statues_corner_a, corexii_hall_statues_deadend,
          minmay_misc_feat_cross
D:2:      layout_basic
D:3:      layout_basic, grunt_temple_overflow_cloverleaf
D:4:      layout_loops_ring, kennysheep_okawaru_gauntlet,
          minmay_temple_entry_arrows, kennysheep_windowed_goal
D:5:      layout_loops_ring, grunt_temple_overflow_magic_moments,
          minmay_hollow_rounded_squares
D:6:      layout_basic, nzn_wu_jian_council_hall, uniq_pikel
Temple:   compressed_dpeg_triangle_lava_temple

Skill      XL: |  1  2  3  4  5  6  7  8 |
---------------+-------------------------+-----
Dodging        | 2 3 |  3.4
Stealth        | 2 3 4 |  4.3
Conjurations   | 5 6 7 8 |  8.4
Fighting       | 1 2 |  2.8
Spellcasting   | 3 5 |  5.9
Evocations     | |  0.5

Action                   |  1- 3 |  4- 6 |  7- 9 || total
-------------------------+-------+-------+-------++-------
Melee: Dagger            |    44 |    22 |    14 ||    80
       Tailslap          |     2 |     1 |     2 ||     5
       Short sword       |       |    27 |    17 ||    44
 Cast: Magic Dart        |    53 |    91 |    29 ||   173
       Searing Ray       |     7 |    14 |    15 ||    36
Evoke: Lightning rod     |       |       |     5 ||     5
  Use: Scroll            |     6 |     4 |     3 ||    13
       Potion            |       |       |     1 ||     1
Armor: Skin              |    28 |    12 |    28 ||    68
Dodge: Dodged            |    28 |    33 |    23 ||    84
